Map: Cyber Forest LE

Players

iAsonu

  • Race: Zerg Zerg
  • Spawn Location: 5:00

MaNa - Winner!

  • Race: Protoss Protoss
  • Spawn Location: 11:00

Event: 2019 WCS Summer

VOD

Have the link to the VOD?

Description

Time

  • Played on: July 12, 2019, 1:51 p.m.
  • Length: 6:57

All games in this series

Show
View Real Time Build Order
Export as new Build Order

iAsonu Zerg 

Build Orders: Pool First 

Get SALT Encoding   

  12  0:01  Drone  
  13  0:12  Overlord  
  13  0:16  Drone  
  14  0:31  Drone x2  
  16  0:41  Spawning Pool  
  15  0:44  Drone  
  15  0:46  Extractor  
  15  0:49  Drone  
  16  0:57  Drone  
  17  1:16  Hatchery  
  16  1:28  Zergling x6  
  19  1:39  Queen  
  21  1:47  Metabolic Boost  
  21  1:54  Overlord  
  21  2:04  Drone  
  22  2:14  Drone, Queen  
  25  2:15  Drone  
  26  2:23  Drone  
  27  2:35  Overlord  
  27  2:37  Drone  
  28  2:47  Hatchery  
  27  2:52  Drone  
  27  2:56  Drone x2  
  29  3:03  Drone  
  29  3:05  Overlord  
  29  3:07  Drone  
  29  3:08  Drone  
  31  3:14  Drone  
  31  3:17  Queen  
  34  3:24  Drone  
  34  3:25  Drone  
  34  3:27  Drone  
  37  3:28  Zergling x2  
  37  3:30  Zergling x2  
  39  3:35  Drone  
  39  3:37  Drone x2  
  42  3:43  Zergling x2  
  44  3:48  Drone  
  44  3:53  Drone  
  44  3:54  Drone  
  45  3:59  Drone  
  45  4:01  Drone  
  47  4:04  Drone x4  
  47  4:05  Roach Warren  
  47  4:07  Queen  
  52  4:12  Drone x2  
  53  4:18  Drone  
  53  4:19  Drone  
  53  4:22  Overlord  
  53  4:23  Zergling x4  
  57  4:30  Spore Crawler  
  56  4:31  Spore Crawler  
  56  4:32  Spore Crawler  
  56  4:35  Zergling x4  
  56  4:37  Drone x2  
  58  4:40  Overlord  
  58  4:50  Overlord  
  58  4:55  Overlord  
  58  5:11  Drone x6  
  58  5:12  Zergling x20  
  67  5:28  Drone x3  
  67  5:38  Drone  
  67  5:39  Drone x3, Lair  
  67  5:42  Extractor x2  
  67  5:46  Hatchery  
  67  5:47  Drone  
  67  5:53  Roach  
  67  5:55  Extractor x2  
  67  5:57  Roach  
  60  6:19  Roach x2  
  64  6:27  Drone x3  
  66  6:34  Roach Warren  
  66  6:38  Overseer  
  54  6:42  Drone x5  
Show
View Real Time Build Order
Export as new Build Order

MaNa Protoss - Winner!

Build Orders: 1 Gate Expand, Dark Templar Rush 

Get SALT Encoding   

  12  0:00  Probe  
  13  0:13  Probe, Pylon  
  14  0:21  Probe  
  15  0:31  Probe  
  16  0:40  Gateway  
  16  0:43  Probe  
  17  0:56  Probe  
  18  0:59  Assimilator  
  18  1:08  Probe  
  19  1:20  Probe  
  20  1:27  Cybernetics Core  
  20  1:34  Nexus  
  20  1:42  Pylon  
  20  1:43  Zealot  
  20  1:47  Probe  
  23  1:58  Assimilator  
  23  2:00  Probe, Adept  
  26  2:18  Probe  
  26  2:20  Warp Gate  
  26  2:29  Adept  
  26  2:32  Probe  
  29  2:41  Robotics Facility  
  29  2:45  Probe  
  29  2:46  Probe  
  31  2:57  Probe  
  32  2:58  Probe  
  33  3:05  Twilight Council  
  33  3:09  Probe  
  33  3:11  Probe  
  35  3:16  Gateway  
  35  3:19  Probe  
  35  3:21  Probe  
  37  3:27  Probe  
  37  3:33  Probe  
  39  3:42  Probe, Dark Shrine  
  39  3:45  Probe  
  39  3:48  Warp Prism  
  41  3:53  Gateway  
  41  3:54  Gateway  
  41  4:01  Probe  
  41  4:02  Probe  
  45  4:07  Pylon  
  45  4:13  Assimilator  
  45  4:15  Assimilator  
  45  4:16  Probe  
  46  4:19  Pylon  
  46  4:25  Stalker, Probe  
  46  4:28  Probe  
  50  4:37  Probe  
  51  4:39  Pylon  
  51  4:40  Probe  
  52  4:49  Probe  
  52  4:52  Probe  
  54  4:55  Dark Templar x3  
  54  4:56  Dark Templar  
  62  5:03  Probe  
  62  5:04  Probe  
  64  5:15  Probe  
  64  5:16  Probe  
  62  5:27  Forge, Zealot x3  
  68  5:28  Zealot  
  68  5:29  Immortal  
  70  5:37  Probe  
  65  5:48  Gateway  
  65  5:50  Gateway  
  65  5:51  Sentry x2  
  65  5:54  Pylon  
  65  5:56  Pylon  
  69  6:07  Probe  
  68  6:12  Immortal  
  72  6:25  Dark Templar x2  
  72  6:26  Dark Templar x2  
  80  6:34  Probe  
  81  6:41  Nexus  
  81  6:53  Dark Templar x2  
Tags
 
Add a new tag
Caveats
  • Supply blocks, unpowered buildings, or Contaminate may cause inaccurate times.
  • Supply counts are checked every 10 seconds.